 Dungeon Crawl Stone Soup version 0.17.1-2-g5865329 (webtiles) character file.

970 Clownie the Ruffian (level 7, -3/99 HPs)
             Began as a Troll Berserker on Jan 25, 2016.
             Was a Believer of Trog.
             Slain by a wolf (5 damage)
             ... led by Grum
             ... on level 8 of the Dungeon.
             The game lasted 00:03:25 (766 turns).

Clownie the Ruffian (Troll Berserker)                Turns: 766, Time: 00:03:25

Health: -3/99      AC:  6    Str: 33    XL:     7   Next: 94%
Magic:  6/6        EV: 11    Int:  6    God:    Trog [**....]
Gold:   141        SH:  0    Dex:  9    Spells: 0 memorised, 6 levels left

rFire  . . .     SeeInvis .       - Unarmed
rCold  . . .     Clarity  .     n - +1 robe of Spite {MR+ Int+3 Stlth-} (curse)
rNeg   . . .     SustAt   .     (no shield)
rPois  .         Gourm    +     (helmet restricted)
rElec  .         Spirit   .     (no cloak)
rCorr  .         Warding  .     (gloves unavailable)
rMut   .         Stasis   .     (boots unavailable)
MR     +++..                    (no amulet)
Stlth  ..........               (no ring)
                                (no ring)

@: berserking (expiring), regenerating, very quick, extremely resistant to
hostile enchantments, extremely unstealthy
A: unfitting armour, claws 3, fast metabolism 3, gourmand, regeneration 2,
shaggy fur 1, tough skin 2
a: Berserk, Trog's Hand, Burn Spellbooks, Renounce Religion


You were on level 8 of the Dungeon.
You worshipped Trog.
Trog was pleased with you.
You were not hungry.

You visited 1 branch of the dungeon, and saw 8 of its levels.

You collected 141 gold pieces.

Inventory:

Missiles
 m - 16 poisoned needles
Armour
 n - the cursed +1 robe of Spite (worn) {MR+ Int+3 Stlth-}
   (You found it on level 8 of the Dungeon)

   It affects your intelligence (+3).
   It affects your resistance to hostile enchantments.
   It makes you less stealthy.
   It has a curse placed upon it.
Wands
 e - a wand of magic darts (25)
Scrolls
 c - a scroll of recharging {unknown}
 h - a scroll of teleportation {unknown}
 i - a scroll of noise {unknown}
 j - a scroll of amnesia {unknown}
 k - a scroll of identify {unknown}
Potions
 d - 2 potions of degeneration {unknown}
 g - a potion of agility {unknown}
 l - a potion of cure mutation {unknown}
Comestibles
 a - 5 chunks of flesh
 b - 3 bread rations
 f - 3 fruits


   Skills:
 - Level 2.4 Fighting
 + Level 5.9 Dodging
 + Level 7.1 Unarmed Combat


You had 6 spell levels left.
You didn't know any spells.

Dungeon Overview and Level Annotations

Branches:
Dungeon (8/15)
 Temple: D:4-7         Lair: D:8-11

Altars:

Annotations:
D:8 Grum


Innate Abilities, Weirdness & Mutations

You are too large for most types of armour.
You have claws for hands.
Your metabolism is lightning-fast.
You like to eat raw meat.
You heal very quickly.
You are covered in fur (AC +1).
You have very tough skin (AC +2).


Message History

Trog accepts your kill.
Your Unarmed Combat skill increases to level 7!
You feel the effects of Trog's Hand fading.
The gnoll misses you.
The giant frog hits you but does no damage.
Grum closely misses you. The wolf bites you.
* * * LOW HITPOINT WARNING * * *
The orc closely misses you.
You are too berserk!
You are too berserk!
You closely miss the giant frog. The wolf closely misses you.
The giant frog hits you.
* * * LOW HITPOINT WARNING * * *
The crimson imp hits you but does no damage.
The gnoll barely misses you.
You mangle the giant frog!!
You kill the giant frog!
Trog accepts your kill. Grum closely misses you. The wolf bites you.
You die...

#.#.##############
#.#..))..........#
#.###.#.)###########.#
.........###########.###
#.###........o...).....#
##..(###########.#.#
#..g......# #.#.#
###o#.###.# #.#.# #@#.#
#.#.# (......h5g# #.#.#
#######....# ..#.#
##?.#.# ###.## ..# .#
#..... ..# .#####.....
..# ##..รท..... ..#
#.##..... #.##.....


You could see Grum, a wolf, a gnoll, a crimson imp and an orc.

Vanquished Creatures
  A wyvern (D:8)
  A wolf (D:8)
  2 ice beasts
  A centaur (D:8)
  A giant frog (D:8)
  A wyvern zombie (D:8)
  A centaur zombie (D:8)
  A giant frog skeleton (D:8)
  2 jellies
  An orc wizard (D:8)
  An iguana (D:7)
  3 worker ants
  2 gnolls (D:8)
  5 orcs
  A goblin (D:2)
  2 jackals (D:8)
  A quokka (D:5)
27 creatures vanquished.

Notes
Turn   | Place    | Note
--------------------------------------------------------------
     0 | D:1      | Clownie the Troll Berserker began the quest for the Orb.
     0 | D:1      | Reached XP level 1. HP: 22/22 MP: 0/0
   167 | D:5      | Entered Level 5 of the Dungeon
   185 | D:5      | Reached XP level 2. HP: 17/29 MP: 1/1
   198 | D:5      | Noticed an ice beast
   214 | D:5      | Killed an ice beast
   214 | D:5      | Reached skill level 4 in Unarmed Combat
   214 | D:5      | Reached XP level 3. HP: 36/36 MP: 2/2
   214 | D:5      | Reached XP level 4. HP: 44/44 MP: 3/3
   234 | D:6      | Reached XP level 5. HP: 40/50 MP: 4/4
   367 | D:7      | Reached skill level 5 in Unarmed Combat
   486 | D:8      | Reached XP level 6. HP: 34/59 MP: 5/5
   566 | D:8      | Got a warped robe
   577 | D:8      | Identified the cursed +1 robe of Spite {MR+ Int+3 Stlth-} (You found it on level 8 of the Dungeon)
   581 | D:8      | Noticed a centaur
   590 | D:8      | Killed a centaur
   701 | D:8      | Noticed a wyvern
   704 | D:8      | Killed a wyvern
   704 | D:8      | Reached skill level 5 in Dodging
   704 | D:8      | Reached skill level 6 in Unarmed Combat
   704 | D:8      | Reached XP level 7. HP: 66/66 MP: 6/6
   705 | D:8      | Noticed an ice beast
   712 | D:8      | Killed an ice beast
   734 | D:8      | Reached ** piety under Trog
   753 | D:8      | Noticed a wolf
   753 | D:8      | Noticed a wolf
   755 | D:8      | Noticed Grum
   764 | D:8      | Killed a wolf
   764 | D:8      | Reached skill level 7 in Unarmed Combat
   764 | D:8      | HP: 1/99 [wolf[Grum] (6)]
   766 | D:8      | Slain by a wolf

Action                   |  1- 3 |  4- 6 |  7- 9 || total
-------------------------+-------+-------+-------++-------
Melee: Unarmed           |    24 |    63 |    33 ||   120
Invok: Berserk           |     1 |       |     1 ||     2
       Burn Spellbooks   |       |     1 |       ||     1
       Trog's Hand       |       |       |     1 ||     1
 Stab: Sleeping          |       |     1 |       ||     1
  Eat: Meat ration       |       |     1 |       ||     1
       Chunk             |       |     4 |       ||     4
